 Dungeon Crawl Stone Soup version 0.20-a0-705-gbe8799e (webtiles) character file.

29 RKaid the Cudgeler (level 3, 0/22 HPs)
             Began as a Gargoyle Gladiator on Feb 21, 2017.
             Slain by a worm (7 damage)
             ... on level 2 of the Dungeon.
             The game lasted 00:01:53 (1398 turns).

RKaid the Cudgeler (Gargoyle Gladiator)             Turns: 1398, Time: 00:01:54

Health: 0/22       AC:  7    Str: 18    XL:     3   Next: 16%
Magic:  3/3        EV: 12    Int:  8    God:
Gold:   43         SH:  0    Dex: 11    Spells: 2/2 levels left

rFire    . . .     SeeInvis .   a - +0 flail
rCold    . . .     Gourm    .   b - +0 leather armour
rNeg     + . .     Faith    .   (no shield)
rPois    ∞         Spirit   .   c - +0 helmet
rElec    +         Reflect  .   (no cloak)
rCorr    .         Harm     .   (no gloves)
MR       .....                  (no boots)
Stlth    +.........             (no amulet)
Regen    0.1/turn               (no ring)
MPRegen  0.1/turn               (no ring)

@: no status effects
A: negative energy resistance 1, electricity resistance, unbreathing,
petrification resistance, rot immunity, AC +3
a: no special abilities


You were on level 2 of the Dungeon.
You were hungry.

You visited 1 branch of the dungeon, and saw 2 of its levels.

You collected 43 gold pieces.

Inventory:

Hand Weapons
 a - a +0 flail (weapon)
Missiles
 d - 3 throwing nets {=f}
Armour
 b - a +0 leather armour (worn)
 c - a +0 helmet (worn)
 m - a scarf of cold resistance
   (You found it on level 1 of the Dungeon)
Scrolls
 e - 2 scrolls of remove curse {unknown}
 h - a scroll of identify {unknown}
 j - a scroll of random uselessness {unknown}
 k - a scroll of amnesia {unknown}
Potions
 n - a potion of berserk rage {unknown}
Comestibles
 f - 2 bread rations
 g - 2 chunks of flesh
 i - 2 royal jellies
 l - a meat ration


   Skills:
 + Level 2.9 Fighting
 * Level 3.8 Maces & Flails
 - Level 1.7 Throwing
 - Level 2.4 Dodging


You had 2 spell levels left.
You didn't know any spells.

Dungeon Overview and Level Annotations

Branches:
Dungeon (2/15)

Altars:
Zin


Innate Abilities, Weirdness & Mutations

You are resistant to torment.
Your stone body is resilient. (AC +3)
You are immune to poison.
You resist negative energy. (rN+)
You are resistant to electric shocks. (rElec)
You can survive without breathing.
You are immune to petrification.
You are immune to rotting.


Message History

There is an open door here.
There is an open door here.
There is a stone staircase leading down here.
You see here a club.
Found a stone staircase leading down.
Done exploring.
Search for what [? for help]? .
There is a stone staircase leading down here.
You climb downwards.
A worm comes into view.
There is a stone staircase leading up here.
A worm is nearby!
You barely miss the worm. The worm bites you.
You barely miss the worm. The worm bites you!
Ouch! That really hurt!
You are too injured to fight recklessly!
You are too injured to fight recklessly!
You sock the worm! You sock the worm!
You kill the worm!
You have reached level 3!
Your experience leads to an increase in your attributes!
Increase (S)trength, (I)ntelligence, or (D)exterity?
You feel stronger.
You see here a worm corpse.
You butcher the worm corpse.
g - a chunk of flesh You start resting.
Eating a chunk of flesh.
You eat the chunk of flesh.
This raw flesh tastes terrible.
There is a stone staircase leading up here.
A hobgoblin comes into view.
A hobgoblin is nearby!
The hobgoblin hits you but does no damage.
You hit the hobgoblin but do no damage. The hobgoblin barely misses you.
The hobgoblin hits you but does no damage.
You hit the hobgoblin. The hobgoblin barely misses you.
You closely miss the hobgoblin. The hobgoblin barely misses you.
You completely miss the hobgoblin. The hobgoblin hits you.
You closely miss the hobgoblin. The hobgoblin hits you.
You hit the hobgoblin.
The hobgoblin hits you but does no damage.
The hobgoblin hits you.
You barely miss the hobgoblin.
The hobgoblin hits you but does no damage.
You barely miss the hobgoblin. The hobgoblin closely misses you.
You hit the hobgoblin.
You kill the hobgoblin!
You see here a hobgoblin corpse.
You start resting.
You butcher the hobgoblin corpse.
g - a chunk of flesh You open the door.
There is an open door here.
There is an open door here.
Found a stone staircase leading down.
A giant cockroach comes into view.
A giant cockroach is nearby!
You closely miss the giant cockroach.
The giant cockroach bites you but does no damage.
The giant cockroach barely misses you.
You closely miss the giant cockroach.
The giant cockroach bites you but does no damage.
You sock the giant cockroach!
You kill the giant cockroach!
No target in view!
You butcher the giant cockroach corpse.
g - 2 chunks of flesh (gained 1)
You found a teleport trap!
A rat comes into view.
A rat is nearby!
A rat is nearby!
A rat is nearby!
You hit the rat but do no damage. The rat barely misses you.
You hit the rat.
You kill the rat!
No target in view!
You butcher the rat corpse.
g - 3 chunks of flesh (gained 1)
Found a glowing silver altar of Zin.
Found a stone staircase leading down.
Some of the chunks of flesh in your inventory have rotted away.
e - 2 scrolls labeled ZECIYXTO UBOX (gained 1)
A frilled lizard and a worm come into view.
The frilled lizard hisses angrily.
You hit the worm.
You are feeling hungry.
The worm bites you. The worm bites you.
You closely miss the frilled lizard. The frilled lizard bites you.
You miss the frilled lizard. The frilled lizard misses you.
The frilled lizard barely misses you.
You sock the frilled lizard!
You kill the frilled lizard!
You barely miss the worm. The worm bites you but does no damage.
You sock the worm! The worm bites you!
* * * LOW HITPOINT WARNING * * *
You hit the worm but do no damage. You thump the worm! The worm bites you!
You die...

....... ......
#..###..#. ...#.#...
#....... #.####...#
##.#.....#
#.#####.##.#..##### . .
..... .
................
...#...#
###.##.#.#.#.##
.#####..#.#.#.#.#
..............#.#
####.########.#######.#
.$.....@w.............#
.....#########.######.#
... ..# #.# . .).. #.#
#..## #.. #!# #.. ..
#..# #.# #..# #..#


You could see a worm.

Vanquished Creatures
  A worm (D:2)
  2 dart slugs (D:1)
  A leopard gecko (D:1)
  5 bats (D:1)
  A giant cockroach (D:2)
  A goblin (D:1)
  2 hobgoblins
  2 jackals (D:1)
  3 frilled lizards
  3 rats
21 creatures vanquished.

Notes
Turn   | Place    | Note
-------+----------+-------------------------------------------
     0 | D:1      | RKaid the Gargoyle Gladiator began the quest for the Orb.
     0 | D:1      | Reached XP level 1. HP: 12/12 MP: 1/1
   149 | D:1      | Reached XP level 2. HP: 9/18 MP: 2/2
   961 | D:2      | Reached XP level 3. HP: 10/22 MP: 3/3
  1323 | D:2      | Found a glowing silver altar of Zin.
  1398 | D:2      | Slain by a worm

Vault maps used:
D:1:      dpeg_arrival_boxes_within_box
D:2:      old_standard_altar, marbit_many_paths, minmay_domino_2

Action                   || total
-------------------------++-------
Melee: Flail             ||    76
  Eat: Chunk             ||     1
Armor: Leather armour    ||    33
Dodge: Dodged            ||    63

Vault maps used:
D:1:      dpeg_arrival_boxes_within_box
D:2:      old_standard_altar, marbit_many_paths, minmay_domino_2

Table legend:
 A = Turns spent in this place as a percentage of turns spent in the entire game.
 B = Non-inter-level travel turns spent in this place as a percentage of non-inter-level travel turns spent in the entire game.
 C = Inter-level travel turns spent in this place as a percentage of turns spent in this place.
 D = Turns resting spent in this place as a percentage of non-inter-level travel turns spent in this place.
 E = Turns spent auto-exploring this place as a percentage of non-inter-level travel turns spent in this place.
 F = Non-inter-level travel turns spent in this place divided by the number of levels of this place that you've seen.
                   A       B       C       D       E      F
               +-------+-------+-------+-------+-------+----------------------
         Total | 100.0 | 100.0 |   0.0 |   2.5 |  13.0 | 119.0
       Dungeon | 100.0 | 100.0 |   0.0 |   2.5 |  13.0 | 119.0
               +-------+-------+-------+-------+-------+----------------------

Table legend:
 A = Kills in this place as a percentage of kills in entire the game.
 B = Kills by you in this place as a percentage of kills by you in the entire game.
 C = Kills by friends in this place as a percentage of kills by friends in the entire game.
 D = Other kills in this place as a percentage of other kills in the entire game.
 E = Experience gained in this place as a percentage of experience gained in the entire game.
 F = Experience gained in this place divided by the number of levels of this place that you have seen.
                   A       B       C       D       E      F
               +-------+-------+-------+-------+-------+----------------------
         Total | 100.0 | 100.0 |  -nan |  -nan | 100.0 |  21.0
       Dungeon | 100.0 | 100.0 |  -nan |  -nan | 100.0 |  21.0
               +-------+-------+-------+-------+-------+----------------------
